 Dungeon Crawl Stone Soup version 0.21-a0-442-g848f44b (webtiles) character file.

793 Gildeon the Cleaver (level 7, 0/57 HPs)
             Began as a Minotaur Fighter on Nov 15, 2017.
             Was a Follower of Vehumet.
             Slain by Menkaure (15 damage)
             ... on level 4 of the Dungeon.
             The game lasted 00:18:59 (3588 turns).

Gildeon the Cleaver (Minotaur Fighter)              Turns: 3588, Time: 00:19:00

Health: 0/57       AC:  5    Str: 22    XL:     7   Next: 57%
Magic:  6/6        EV:  8    Int:  5    God:    Vehumet [*.....]
Gold:   142        SH:  9    Dex: 10    Spells: 5/6 levels left

rFire    . . .     SeeInvis .   a - +1 war axe
rCold    . . .     Gourm    .   c - +0 shield
rNeg     . . .     Faith    .   g - +0 ring mail (curse)
rPois    .         Spirit   .   (helmet restricted)
rElec    .         Reflect  .   (no cloak)
rCorr    .         Harm     .   (no gloves)
MR       .....                  (no boots)
Stlth    ..........             (no amulet)
HPRegen  0.19/turn              (no ring)
MPRegen  0.10/turn              (no ring)

@: no status effects
A: retaliatory headbutt, horns 2
a: Renounce Religion


You were on level 4 of the Dungeon.
You worshipped Vehumet.
Vehumet was aware of your devotion.
You were not hungry.

You visited 1 branch of the dungeon, and saw 4 of its levels.

You collected 142 gold pieces.

Inventory:

Hand Weapons
 a - a +1 war axe (weapon)
Armour
 b - a +1 scale mail
 c - a +0 shield (worn)
 d - a +0 chain mail
 g - a cursed +0 ring mail (worn)
 o - a +2 scale mail of cold resistance
Wands
 h - a wand of acid (10/15)
Scrolls
 i - 2 scrolls of teleportation
 j - 2 scrolls of fog
Potions
 e - a potion of invisibility
 n - a potion of curing
 p - a potion of degeneration {unknown}
Books
 m - a book of Cantrips

   Spells                             Type                      Level
   a - Confusing Touch                Hexes                        1
   b - Animate Skeleton               Necromancy                   1
   c - Summon Small Mammal            Summoning                    1
   d - Apportation                    Translocation                1
Comestibles
 f - 4 bread rations
 k - 2 fruits
 l - a royal jelly
 q - a chunk of flesh


   Skills:
 - Level 3.6 Fighting
 + Level 10.4 Axes
 - Level 3.6 Armour
 - Level 3.6 Shields


You had 5 spell levels left.
You knew the following spells:

 Your Spells              Type           Power        Failure   Level  Hunger
a - Sting                 Conj/Pois      #...         98%         1    ##.....


Dungeon Overview and Level Annotations

Branches:
Dungeon (4/15)
 Temple: D:4-7

Altars:
Cheibriados
Hepliaklqana
Kikubaaqudgha
Vehumet

Annotations:
D:4 Menkaure


Innate Abilities, Weirdness & Mutations

You reflexively headbutt those who attack you in melee.
You have a pair of horns on your head.


Message History

You headbutt the howler monkey. The howler monkey hits you.
You closely miss the howler monkey.
The howler monkey is severely wounded.
The howler monkey hits you.
* * * LOW HITPOINT WARNING * * *
As you read the scroll of teleportation, it crumbles to dust.
You feel strangely unstable.
Menkaure grins.
The howler monkey hits you.
* * * LOW HITPOINT WARNING * * *
The howler monkey hoots and howls with incredible vigour!
You see here a scroll of noise.
Your surroundings flicker for a moment.
You closely miss the howler monkey. You headbutt the howler monkey.
You kill the howler monkey!
Vehumet accepts your kill.
You slash Menkaure!
Menkaure is heavily damaged.
Menkaure hits you!
You die...

########### #.........#
#####.........# ####
###.............########...
................'......'...
................########...
................## #####...
.......................'...
.........M@.....########...
....##.?.......# #... ....
#.........# #...
.......########## #...
.M....[ #... ....... #...
....... #### #######


You could see Menkaure.

Vanquished Creatures
  Duvessa (D:4)
  The ghost of splatterpode the Insei, an amateur OpTm (D:4)
  The ghost of splatterpode the Caller, an amateur OpSu (D:3)
  Dowan (D:4)
  A howler monkey (D:4)
  A hound (D:4)
  A jelly (D:4)
  2 centaur skeletons (D:4)
  An orc priest (D:4)
  4 worker ants
  A hound zombie (D:2)
  Robin (D:4)
  4 adders
  4 gnolls (D:2)
  An ooze (D:4)
  2 worms (D:3)
  7 dart slugs (D:3)
  3 leopard geckos
  3 orcs (D:4)
  5 ball pythons
  6 bats
  5 giant cockroaches
  10 goblins
  13 hobgoblins
  3 quokkas
  6 frilled lizards
  A jackal skeleton (D:4)
  8 kobolds
  11 rats
108 creatures vanquished.

Notes
Turn   | Place    | Note
-------+----------+-------------------------------------------
     0 | D:1      | Gildeon the Minotaur Fighter began the quest for the Orb.
     0 | D:1      | Reached XP level 1. HP: 19/19 MP: 0/0
   180 | D:1      | Reached skill level 3 in Axes
   312 | D:1      | Reached XP level 2. HP: 26/26 MP: 1/1
   893 | D:2      | Reached skill level 4 in Axes
  1022 | D:2      | Reached XP level 3. HP: 3/31 MP: 2/2
  1222 | D:2      | Reached skill level 5 in Axes
  1374 | D:2      | Reached XP level 4. HP: 39/39 MP: 3/3
  1670 | D:3      | Reached skill level 6 in Axes
  1732 | D:3      | Noticed splatterpode's ghost (amateur OpSu)
  1736 | D:3      | Killed splatterpode's ghost
  1736 | D:3      | Reached XP level 5. HP: 45/45 MP: 4/4
  1814 | D:3      | Reached skill level 7 in Axes
  2166 | D:3      | Found a hazy altar of Hepliaklqana.
  2169 | D:3      | Found a snail-covered altar of Cheibriados.
  2171 | D:3      | Found a radiant altar of Vehumet.
  2181 | D:3      | Found an ancient bone altar of Kikubaaqudgha.
  2183 | D:3      | Became a worshipper of Vehumet
  2639 | D:4      | Reached XP level 6. HP: 51/51 MP: 5/5
  2658 | D:4      | Reached skill level 8 in Axes
  2994 | D:4      | Noticed Robin
  3006 | D:4      | Killed Robin
  3006 | D:4      | Reached * piety under Vehumet
  3006 | D:4      | Offered knowledge of Sting by Vehumet.
  3014 | D:4      | Reached skill level 9 in Axes
  3033 | D:4      | Learned a level 1 spell: Sting
  3121 | D:4      | Noticed Duvessa
  3130 | D:4      | Noticed Dowan
  3140 | D:4      | Killed Duvessa
  3140 | D:4      | Reached XP level 7. HP: 19/57 MP: 6/6
  3145 | D:4      | Killed Dowan
  3246 | D:4      | Noticed splatterpode's ghost (amateur OpTm)
  3256 | D:4      | Killed splatterpode's ghost
  3256 | D:4      | Reached skill level 10 in Axes
  3576 | D:4      | Noticed Menkaure
  3588 | D:4      | Slain by Menkaure

Vault maps used:
D:1:      wheals_arrival_shading
D:2:      st_stairs_9
D:3:      kennysheep_slugbush, minitemple, st_stairs_13
D:4:      first_bread, uniq_robin, uniq_duvessa, uniq_menkaure

Skill      XL: |  1  2  3  4  5  6  7 |
---------------+----------------------+-----
Axes           | 3 4 5 6 7 9 10 | 10.4
Fighting       | |  3.6
Armour         | |  3.6
Shields        | |  3.6

Action                   |  1- 3 |  4- 6 |  7- 9 || total
-------------------------+-------+-------+-------++-------
Melee: War axe           |    86 |   153 |    27 ||   266
       Headbutt          |    11 |    27 |     5 ||    43
  Use: Scroll            |     6 |     1 |     2 ||     9
       Potion            |     1 |     2 |     1 ||     4
 Stab: Distracted        |     1 |       |       ||     1
       Invisible         |       |       |     3 ||     3
  Eat: Chunk             |     2 |     5 |     2 ||     9
Armor: Scale mail        |    39 |    10 |       ||    49
       Chain mail        |       |    27 |       ||    27
       Ring mail         |       |     8 |     3 ||    11
Dodge: Dodged            |    26 |    52 |     6 ||    84
Block: Shield            |    45 |    69 |    12 ||   126

Table legend:
 A = Spawn XP
 B = Non-spawn XP
 C = Spawn XP percentage of total XP
 D = Spawn monster count
 E = Non-spawn monster count
 F = Spawn count percentage of total count
 G = Total turns spent on level
                    A         B        C        D         E        F      G
               +---------+---------+-------+---------+---------+-------+---------
         Total |       0 |    1133 |   0.0 |       0 |     108 |   0.0 |  3588
               +---------+---------+-------+---------+---------+-------+---------
           D:1 |       0 |      21 |   0.0 |       0 |      13 |   0.0 |   852
           D:2 |       0 |     135 |   0.0 |       0 |      27 |   0.0 |   813
           D:3 |       0 |     223 |   0.0 |       0 |      32 |   0.0 |   964
           D:4 |       0 |     754 |   0.0 |       0 |      36 |   0.0 |   959
               +---------+---------+-------+---------+---------+-------+---------
